Cogmind - Beta 13 @@@ ROGUE MODE // 2024.04.13 @ 15:44:02 Player: Lunace Result: Destroyed by P-80 Master with Gamma Rifle Performance ------------- Evolutions (7) 3500 Regions Visited (11) 2200 Robots Destroyed (78) 390 Value Destroyed (3179) 3179 Prototype IDs (11) 220 Alien Tech Used (0) 0 Bonus (1764) 1764 TOTAL SCORE: 11253 Bonus ------- Follower Combat Kills 479 Met Warlord at Base 500 MAIN.C Attacked Warlord 500 Warlord Defense Kills 414 Friendly Fire -129 Cogmind --------- Core Integrity 0/1300 Matter 290/300 Energy 97/100 System Corruption 18% Temperature Cool (0) Movement Core (200) Ox3 Location -3/Research Parts ------- > --- POWER (2) -------- (None) > --- PROPULSION (6) --- (None) > --- UTILITY (9) ------ Armor Integrity Analyzer Antimissile System > --- WEAPON (4) ------- Force Lance (fused) > --- INVENTORY (5) ---- (None) Peak State ------------ > --- POWER ------------ Multi-Antimatter Reactor > --- PROPULSION ------- Hovering Gyrokinetic-Myomer Exoskeleton > --- UTILITY ---------- Armored Scrap Engine Advanced Heat Sink Medium Storage Unit Makeshift Trap Scanner Armor Integrity Analyzer Improved Force Field System Shield Long-range Tractor Beam > --- WEAPON ----------- Vortex Shotgun Vortex Shotgun Accelerated Driver Construct/C Force Lance > --- INVENTORY -------- Armored Huge Wheel Vortex Rail Vortex Rail Force Lance Force Lance [Rating: 126] Favorites ----------- Power Constructs Engine Light Ion Engine Power Core Light Nuclear Core Reactor Constructs Propulsion Constructs Treads Light Treads Wheel Wheel Hover Unit Constructs Utility Armored Scrap Engine Device Armored Scrap Engine Storage Medium Storage Unit Processor Armor Integrity Analyzer Hackware System Shield Protection Light Armor Plating Weapon Force Lance Energy Gun Vortex Shotgun Energy Cannon Constructs Ballistic Gun Light Assault Rifle Ballistic Cannon Constructs Launcher Grenade Launcher Piercing Weapon Force Lance Build | -11 -10 -10 -8 -6 -5 -4 -4 -4 -4 -3 -3 ------- Run | Yrd Mat Sub Rec Fac Fac Fac Upp Upp War Pro Res Slots Evolved 14 | . . . . 8 2 2 . . . . 2 Power 1 | . . . . 1 . . . . . . . Propulsion 4 | . . . . 2 . . . . . . 2 Utility 7 | . . . . 4 1 2 . . . . . Weapon 2 | . . . . 1 1 . . . . . . Parts Attached 73 | 8 18 10 1 8 1 3 3 3 4 4 10 Power 7 | 1 3 3 . . . . . . . . . Engine 6 | 1 2 3 . . . . . . . . . Core 1 | . 1 . . . . . . . . . . Reactor . | . . . . . . . . . . . . Propulsion 13 | 3 5 4 . . . . . . . . 1 Treads 2 | . 2 . . . . . . . . . . Leg . | . . . . . . . . . . . . Wheel 11 | 3 3 4 . . . . . . . . 1 Hover . | . . . . . . . . . . . . Flight . | . . . . . . . . . . . . Utility 28 | 2 6 . 1 4 1 1 3 2 2 1 5 Device 17 | 1 1 . 1 1 1 . 3 2 2 1 4 Storage 4 | 1 2 . . . . 1 . . . . . Processor 2 | . . . . 1 . . . . . . 1 Hackware 1 | . . . . 1 . . . . . . . Protection 4 | . 3 . . 1 . . . . . . . Artifact . | . . . . . . . . . . . . Weapon 25 | 2 4 3 . 4 . 2 . 1 2 3 4 Energy Gun 7 | 1 1 . . . . . . . 2 3 . Energy Cannon . | . . . . . . . . . . . . Ballistic Gun 3 | 1 1 1 . . . . . . . . . Ballistic Cannon 2 | . 1 1 . . . . . . . . . Launcher 6 | . 1 1 . 4 . . . . . . . Special Weapon . | . . . . . . . . . . . . Impact Weapon . | . . . . . . . . . . . . Slashing Weapon . | . . . . . . . . . . . . Piercing Weapon 7 | . . . . . . 2 . 1 . . 4 Special Melee Weapon . | . . . . . . . . . . . . Unidentified Prototypes 2 | . . . . . . . . . 2 . . Parts Lost 35 | . 2 4 . 1 . . 3 2 . . 23 Power 4 | . . 2 . . . . . . . . 2 Propulsion 7 | . 1 1 . . . . . . . . 5 Utility 13 | . . . . 1 . . 2 1 . . 9 Weapon 11 | . 1 1 . . . . 1 1 . . 7 Highest Loss Streak 19 | . 2 3 . 1 . . 3 1 . . 19 To Critical Strikes 1 | . . . . . . . . . . . 1 Average Slot Usage (%) 67 | . 100 96 68 54 63 61 59 62 67 73 58 Engine 2 | . 7 1 13 6 5 5 . . . . . Core 3 | . 6 11 . . . . 4 5 4 . . Treads 1 | . 8 . 2 4 . . . . . . . Wheel 3 | . 20 28 11 . . . . . . . . Hover 2 | . . . . . . . 4 5 5 1 1 Device 18 | . 2 14 13 10 16 15 17 20 23 26 19 Storage 4 | . 14 14 . . . 3 5 5 5 5 3 Processor 3 | . . . . . 5 5 5 5 5 5 7 Hackware 3 | . . . . 4 5 5 5 5 5 5 1 Protection 1 | . 11 . . 4 . . . . . . . Energy Gun 6 | . 10 . 16 2 4 5 . 1 4 19 10 Energy Cannon 1 | . . . 3 6 3 . 3 3 . . . Ballistic Gun 2 | . 9 1 4 3 5 1 . . 4 1 . Ballistic Cannon 2 | . 6 10 . . 1 5 5 3 . . 2 Launcher 1 | . 2 12 . 5 5 1 . . . . . Piercing Weapon 4 | . . . . . . 8 5 6 8 . 1 Naked Turns . | . . . . . . . . . . . . Heaviest Build 77 | 12 34 33 13 25 24 39 39 42 57 68 77 Greatest Support 106 | 26 40 40 40 65 65 67 93 93 93 106 86 Greatest Overweight (x) 1 | . 1 1 . . . . . . . . 1 Average Overweight (x) . | . . . . . . . . . . . . Largest Inventory Capacity 15 | 8 15 15 15 5 5 10 10 10 10 10 10 Average Capacity 9 | 7 13 15 5 5 5 8 10 10 10 10 9 Most Carried 15 | 4 15 15 14 4 5 5 4 4 8 8 9 Average Carried 5 | 3 10 14 5 2 3 4 4 3 4 7 7 Final Capacity 15 | 8 15 15 5 5 5 10 10 10 10 10 5 Final Carried 15 | 4 15 15 5 3 5 4 4 3 8 8 . Scrap Engine Consumption 180 | . . . 47 25 1 6 18 4 47 7 25 Constructs Created 9 | . . . 4 1 1 . . . 2 . 1 Constructs Modified 61 | . . . 8 9 4 2 8 3 7 14 6 Class Distribution -------------------- 52% | Construct 28% | Commander-Construct 13% | Mutant Dominant Class ---------------- Mutant | -10/Materials Mutant | -10/Subcaves Construct | -8/Recycling Construct | -6/Factory Construct | -5/Factory Construct | -4/Factory Construct | -4/Upper Caves Construct | -4/Upper Caves Commander-Construct | -4/Warlord Construct | -3/Proximity Caves Construct | -3/Research Resources | -11 -10 -10 -8 -6 -5 -4 -4 -4 -4 -3 -3 ----------- Run | Yrd Mat Sub Rec Fac Fac Fac Upp Upp War Pro Res Matter Collected 1579 | 275 242 204 238 127 . 44 61 74 73 135 106 Remotely 341 | . . . . . . 44 15 74 73 135 . Salvage Created 3690 | 87 498 179 14 295 . 159 791 86 195 597 789 Parts 170 | 4 31 18 2 16 . 6 28 3 10 11 41 Haulers Intercepted . | . . . . . . . . . . . . Recyclers Shooed 3 | . 2 . 1 . . . . . . . . Parts Field Recycled . | . . . . . . . . . . . . Retrieved Matter . | . . . . . . . . . . . . Parts Self-Destructed 26 | . . 14 . . . . 4 1 . 7 . Prevented . | . . . . . . . . . . . . Kills | -11 -10 -10 -8 -6 -5 -4 -4 -4 -4 -3 -3 ------- Run | Yrd Mat Sub Rec Fac Fac Fac Upp Upp War Pro Res Combat Hostiles Destroyed 60 | . 10 12 1 6 . . 3 1 3 11 13 Melee 5 | . . . . . . . 1 1 . . 3 Guns 34 | . 9 . 1 3 . . . . 3 10 8 Cannons 9 | . 1 4 . 1 . . 2 . . . 1 AOE 12 | . . 8 . 2 . . . . . 1 1 Classes Destroyed 16 | 2 5 2 . 4 . . 1 . . . 2 Worker 2 | . 1 . . . . . . . . . 1 Builder 5 | . 1 . . 1 . . . . . . 3 Tunneler 1 | 1 . . . . . . . . . . . Recycler 5 | 1 2 . . . . 1 . . . . 1 Turret 2 | . . 2 . . . . . . . . . Watcher 2 | . 2 . . . . . . . . . . Swarmer 14 | . 6 6 1 1 . . . . . . . Grunt 27 | . 4 2 . 2 . . . . 3 10 6 Brawler 1 | . . . . . . . . . . . 1 Duelist 1 | . . . . 1 . . . . . . . Protector 1 | . . . . 1 . . . . . . . Sentry 3 | . . . . 1 . . . 1 . 1 . Hunter 3 | . . . . . . . . . . . 3 Programmer 7 | . . . . 1 . . 3 . . . 3 Subdweller 4 | . . 4 . . . . . . . . . Samaritan 1 | . . . . . . . 1 . . . . Best Kill Streak 7 | 1 4 4 1 3 . 1 2 1 2 4 7 Combat Bots Only 4 | . 3 3 1 3 . . 2 1 2 4 4 Max Kills in Single Turn 3 | 1 2 2 1 3 . 1 1 1 1 1 2 Gunslinging . | . . . . . . . . . . . . Exploded 2 | . . 2 . 2 . . . . . 1 1 Melee 1 | . . . . . . . 1 1 . . 1 Uniques/NPCs Destroyed . | . . . . . . . . . . . . Combat | -11 -10 -10 -8 -6 -5 -4 -4 -4 -4 -3 -3 -------- Run | Yrd Mat Sub Rec Fac Fac Fac Upp Upp War Pro Res Hostile Shots Fired 846 | . 53 103 7 64 4 . 96 44 29 74 372 Missed 266 | . 14 37 2 17 4 . 24 17 7 25 119 Damage Taken 8982 | . 435 637 76 688 . . 1419 575 277 675 4200 Core 1920 | . 53 148 . 110 . . 257 21 5 25 1301 Absorbed by Shields 1934 | . . . . 122 . . . . 287 548 977 Regen/Repaired (Parts) 2117 | . . . 44 157 118 73 426 89 570 503 137 Core Remaining (%) 75 | 100 . . 19 87 100 . . . . 73 . Volleys Fired 156 | 5 46 29 2 20 . . 6 . 11 18 19 Largest 4 | 2 2 2 2 3 . . 2 . 2 4 4 Hottest 210 | 70 75 65 109 166 . . 176 . 57 177 210 Shots Fired 351 | 10 90 47 4 42 . . 11 . 22 65 60 Gun 241 | 10 82 1 3 20 . . . . 22 65 38 Cannon 82 | . 7 21 1 20 . . 11 . . . 22 Launcher 28 | . 1 25 . 2 . . . . . . . Special . | . . . . . . . . . . . . Kinetic 141 | 5 45 22 . . . . 3 . 22 22 22 Thermal 123 | 5 44 . 4 40 . . 8 . . 17 5 Explosive 28 | . 1 25 . 2 . . . . . . . Electromagnetic . | . . . . . . . . . . . . Entropic 59 | . . . . . . . . . . 26 33 Robot Hit Streak 16 | 4 8 8 11 16 . . 2 . 6 10 10 Robot Miss Streak 5 | 1 2 2 . 2 . . 2 . 4 5 3 Penetration Max . | . . . . . . . . . . . . Secondary Targets 2 | . . . 1 . . . . . . 1 . Max Gunslinging Chain 1 | . . . 1 . . . . . . 1 . Shots Hit Robots 277 | 6 58 26 4 28 . 2 25 4 17 48 59 Core Hits 193 | 3 27 28 2 23 . 1 15 2 13 41 38 Critical Kills . | . . . . . . . . . . . . Critical Parts Destroyed 4 | . 1 . . . . . . . . 2 1 Critical Strikes 21 | . 6 . . 1 . 2 2 2 . 2 6 Burn 5 | . 4 . . 1 . . . . . . . Destroy 1 | . 1 . . . . . . . . . . Blast 2 | . 1 . . . . . . . . . 1 Impale 10 | . . . . . . 2 2 2 . . 4 Detonate 3 | . . . . . . . . . . 2 1 Melee Attacks 55 | . . . . . . 2 21 5 . . 27 Impact . | . . . . . . . . . . . . Slashing . | . . . . . . . . . . . . Piercing 55 | . . . . . . 2 21 5 . . 27 Sneak Attacks 6 | . . . . . . 1 1 . . . 4 Combat Hostiles . | . . . . . . . . . . . . Follow-up Attacks 1 | . . . . . . . . . . . 1 Damage Inflicted 10479 | 70 662 1167 50 665 . 153 1880 199 417 2000 3216 Guns 4831 | 70 556 22 38 279 . . . . 417 1795 1654 Cannons 1039 | . 99 269 12 125 . . 258 . . . 276 Explosions 1517 | . . 876 . 261 . . . . . 205 175 Melee 3083 | . . . . . . 153 1622 199 . . 1109 Ramming 9 | . 7 . . . . . . . . . 2 Kinetic 1827 | 33 320 291 . . . . 93 . 417 397 276 Thermal 1680 | 37 335 . 50 404 . . 165 . . 439 250 Explosive 1137 | . . 876 . 261 . . . . . . . Electromagnetic . | . . . . . . . . . . . . Impact . | . . . . . . . . . . . . Slashing . | . . . . . . . . . . . . Piercing 3083 | . . . . . . 153 1622 199 . . 1109 Entropic 2743 | . . . . . . . . . . 1164 1579 Highest Corruption 17 | . . . . 2 . . 3 3 3 3 17 Average Corruption 2 | . . . . 1 . . 2 3 1 2 4 Corruption Purged . | . . . . . . . . . . . . Corruption Blocked 13 | . . . . . . . . . 13 . . Effects 59 | . . . . 6 . . 12 19 1 15 6 Message Errors 14 | . . . . 1 . . 3 7 1 1 1 Matter Fused 18 | . . . . 3 . . 3 6 . 5 1 Heat Flow Errors 7 | . . . . 1 . . 2 2 . 2 . Energy Discharges 9 | . . . . . . . 2 3 . 2 2 Parts Rejected 1 | . . . . . . . . . . 1 . Parts Fused 2 | . . . . 1 . . . . . . 1 Data Loss (minor) 5 | . . . . . . . 1 1 . 2 1 Misfires 1 | . . . . . . . . . . 1 . Weapon Failures 2 | . . . . . . . 1 . . 1 . Overload Shots . | . . . . . . . . . . . . Overflow Damage 874 | . . 44 . . . 24 575 . . . 231 Projectiles 73 | . . 9 . . . . 64 . . . . Explosions 61 | . . 35 . . . . . . . . 26 Melee 740 | . . . . . . 24 511 . . . 205 Knockbacks 9 | . 4 2 . . . . . . . . 3 Impact . | . . . . . . . . . . . . Kinetic 7 | . 3 2 . . . . . . . . 2 Secondary 2 | . 1 . . . . . . . . . 1 Self-Inflicted Damage 378 | . 3 78 . 75 . . . . . 151 71 Shots 11 | . . 6 . 2 . . . . . 2 1 Rammed 3 | . 1 . . . . . . . . . 2 Targets Rammed 3 | . 1 . . . . . . . . . 2 Kicked . | . . . . . . . . . . . . Crushed . | . . . . . . . . . . . . Highest Temperature 388 | 80 246 . 48 388 . . 205 237 . 212 375 Average Temperature 99 | 42 93 . 26 132 . . 68 139 . 66 128 Received Heat Transfer 1463 | . 174 330 . 138 . . 63 157 76 130 395 Effects 6 | . . . . 3 . . . . . . 3 Energy Bleed 2 | . . . . 2 . . . . . . . Interference 3 | . . . . . . . . . . . 3 Short Circuit 1 | . . . . 1 . . . . . . . Siege Activations . | . . . . . . . . . . . . Robots Corrupted . | . . . . . . . . . . . . Combat Hostiles . | . . . . . . . . . . . . Parts Fried . | . . . . . . . . . . . . Impact Corruptions . | . . . . . . . . . . . . Robots Melted . | . . . . . . . . . . . . Combat Hostiles . | . . . . . . . . . . . . Parts Melted 10 | . 5 . . 3 . . 1 . . 1 . Heat Transferred 3605 | 111 1236 . 129 1113 . . 187 . . 618 211 Parts Sabotaged . | . . . . . . . . . . . . Parts Stolen . | . . . . . . . . . . . . Parts Stripped . | . . . . . . . . . . . . Power Chain Reactions . | . . . . . . . . . . . . Alert | -11 -10 -10 -8 -6 -5 -4 -4 -4 -4 -3 -3 ------- Run | Yrd Mat Sub Rec Fac Fac Fac Upp Upp War Pro Res Peak Influence 574 | 10 264 . 574 92 44 57 . . . . 450 Initial 551 | . 6 . 551 6 44 21 . . . . 450 Average 198 | 3 143 . 335 41 44 38 . . . . 303 Maximum Alert Level 2 | . 1 . 2 . . . . . . . 2 Low Security (%) 65 | 100 79 . 50 100 100 100 . . . . 29 Level 1 15 | . 20 . 1 . . . . . . . 42 Level 2 18 | . . . 47 . . . . . . . 27 Level 3 . | . . . . . . . . . . . . Level 4 . | . . . . . . . . . . . . Level 5 . | . . . . . . . . . . . . High Security . | . . . . . . . . . . . . Max Security . | . . . . . . . . . . . . Squads Dispatched 5 | . 2 . . . 1 . . . . . 2 Investigation 1 | . 1 . . . . . . . . . . Extermination 3 | . . . . . 1 . . . . . 2 Reinforcement 1 | . 1 . . . . . . . . . . Assault . | . . . . . . . . . . . . Garrison . | . . . . . . . . . . . . Intercept . | . . . . . . . . . . . . Searches Triggered 1 | . . . . . . . . . . . 1 Construction Impeded . | . . . . . . . . . . . . Haulers Reinforced . | . . . . . . . . . . . . Active Scanning Responses . | . . . . . . . . . . . . Cargo Convoy Interrupts . | . . . . . . . . . . . . Stealth | -11 -10 -10 -8 -6 -5 -4 -4 -4 -4 -3 -3 --------- Run | Yrd Mat Sub Rec Fac Fac Fac Upp Upp War Pro Res Distress Signals 4 | . 1 . . . . . . . 2 1 . Communications Jammed . | . . . . . . . . . . . . Distress Signals . | . . . . . . . . . . . . Times Spotted 156 | . 17 53 4 7 3 1 5 4 22 14 26 Peak Tracking Total 20 | . 5 4 2 4 1 1 2 3 20 4 14 Tactical Retreats 12 | . 1 4 . 1 . . 2 . 1 . 3 Traps | -11 -10 -10 -8 -6 -5 -4 -4 -4 -4 -3 -3 ------- Run | Yrd Mat Sub Rec Fac Fac Fac Upp Upp War Pro Res Traps Triggered 3 | . . . . 2 . . . . . . 1 Indirectly . | . . . . . . . . . . . . Trap Hack Attempts . | . . . . . . . . . . . . Triggered . | . . . . . . . . . . . . Disarmed . | . . . . . . . . . . . . Reprogrammed . | . . . . . . . . . . . . Reused . | . . . . . . . . . . . . Traps Extracted . | . . . . . . . . . . . . Installed . | . . . . . . . . . . . . Triggered 31 | . . . . . . . . . 30 1 . Machines | -11 -10 -10 -8 -6 -5 -4 -4 -4 -4 -3 -3 ---------- Run | Yrd Mat Sub Rec Fac Fac Fac Upp Upp War Pro Res Machines Disabled 5 | . 1 4 . . . . . . . . . Max in Single Turn 2 | . 1 2 . . . . . . . . . Machines Repaired . | . . . . . . . . . . . . Machines Dismantled . | . . . . . . . . . . . . Machines Sabotaged . | . . . . . . . . . . . . Overloaded Fab Kills . | . . . . . . . . . . . . Hacking | -11 -10 -10 -8 -6 -5 -4 -4 -4 -4 -3 -3 --------- Run | Yrd Mat Sub Rec Fac Fac Fac Upp Upp War Pro Res Machines Accessed 33 | . 3 . 8 2 2 3 . . 12 . 3 Terminals 15 | . 3 . 6 2 1 3 . . . . . Fabricators 2 | . . . . . 1 . . . . . 1 Repair Stations 1 | . . . . . . . . . . . 1 Recycling Units 2 | . . . 2 . . . . . . . . Scanalyzers . | . . . . . . . . . . . . Garrison Access 1 | . . . . . . . . . . . 1 Total Hacks 75 | . 6 . 27 8 3 5 . . 20 . 6 Successful 44 | . 2 . 13 . 3 2 . . 20 . 4 Failed 31 | . 4 . 14 8 . 3 . . . . 2 Catastrophic 8 | . 2 . 3 1 . 1 . . . . 1 Database Lockouts . | . . . . . . . . . . . . Manual 35 | . 6 . 16 8 . 2 . . . . 3 Terminals 43 | . 6 . 22 8 2 5 . . . . . Fabricators 3 | . . . . . 1 . . . . . 2 Repair Stations 2 | . . . . . . . . . . . 2 Recycling Units 5 | . . . 5 . . . . . . . . Scanalyzers . | . . . . . . . . . . . . Garrison Access 2 | . . . . . . . . . . . 2 Terminal Hacks 35 | . 1 . 11 . 2 1 . . 20 . . Record 20 | . . . . . 2 . . . 18 . . Part Schematic 1 | . . . 1 . . . . . . . . Prototype ID Bank 2 | . . . 2 . . . . . . . . Open Door 2 | . . . . . . . . . 2 . . Branch Access Points 1 | . 1 . . . . . . . . . . Alert Level 2 | . . . 1 . . 1 . . . . . Unreport Threat 2 | . . . 2 . . . . . . . . Patrol Status 1 | . . . 1 . . . . . . . . Hauler Manifests 1 | . . . 1 . . . . . . . . Zone Layout 3 | . . . 3 . . . . . . . . Fabricator Hacks 2 | . . . . . 1 . . . . . 1 Network Status 2 | . . . . . 1 . . . . . 1 Repair Station Hacks 2 | . . . . . . . . . . . 2 Scan Component 1 | . . . . . . . . . . . 1 Repair 1 | . . . . . . . . . . . 1 Recycling Unit Hacks 2 | . . . 2 . . . . . . . . Report Inventory 2 | . . . 2 . . . . . . . . Scanalyzer . | . . . . . . . . . . . . Garrison Access Hacks . | . . . . . . . . . . . . Unauthorized Hacks 3 | . 1 . . . . 1 . . . . 1 Terminals 2 | . 1 . . . . 1 . . . . . Operators 2 | . 1 . . . . 1 . . . . . Fabricators 1 | . . . . . . . . . . . 1 Fabnet 1 | . . . . . . . . . . . 1 Repair Stations . | . . . . . . . . . . . . Recycling Units . | . . . . . . . . . . . . Scanalyzers . | . . . . . . . . . . . . Garrison Access . | . . . . . . . . . . . . Data Cores Recovered . | . . . . . . . . . . . . Used . | . . . . . . . . . . . . Hacking Detections 19 | . 3 . 7 2 2 3 . . . . 2 Full Trace Events 1 | . 1 . . . . . . . . . . Feedback Events . | . . . . . . . . . . . . Feedback Blocked . | . . . . . . . . . . . . Robot Schematics Acquired . | . . . . . . . . . . . . Robots Built . | . . . . . . . . . . . . Authchips . | . . . . . . . . . . . . Time . | . . . . . . . . . . . . Total Robot Build Rating . | . . . . . . . . . . . . Part Schematics Acquired 1 | . . . 1 . . . . . . . . Parts Built . | . . . . . . . . . . . . Authchips . | . . . . . . . . . . . . Time . | . . . . . . . . . . . . Total Part Build Rating . | . . . . . . . . . . . . Parts Repaired 1 | . . . . . . . . . . . 1 Time 62 | . . . . . . . . . . . 62 Parts Recycled . | . . . . . . . . . . . . Recycled Matter . | . . . . . . . . . . . . Retrieved Matter . | . . . . . . . . . . . . Retrieved Components . | . . . . . . . . . . . . Parts Scanalyzed . | . . . . . . . . . . . . Part Schematics Acquired . | . . . . . . . . . . . . Parts Damaged . | . . . . . . . . . . . . Bothacking | -11 -10 -10 -8 -6 -5 -4 -4 -4 -4 -3 -3 ------------ Run | Yrd Mat Sub Rec Fac Fac Fac Upp Upp War Pro Res Used RIF Installer . | . . . . . . . . . . . . Robots Hacked . | . . . . . . . . . . . . Non-combat . | . . . . . . . . . . . . Combat . | . . . . . . . . . . . . Robot Hacks Applied . | . . . . . . . . . . . . Relay Couplers Released . | . . . . . . . . . . . . Fabnet Peak Effective % . | . . . . . . . . . . . . Robots Rewired 12 | . . . 7 . . . . . 5 . . Allies Hacked . | . . . . . . . . . . . . Hacks Repelled . | . . . . . . . . . . . . Allies | -11 -10 -10 -8 -6 -5 -4 -4 -4 -4 -3 -3 -------- Run | Yrd Mat Sub Rec Fac Fac Fac Upp Upp War Pro Res Total Allies 12 | . . . 7 . . . . . 5 . . Largest Group 7 | . . . 7 5 . . . . 5 2 . Highest-Rated Group 272 | . . . 131 106 . . . . 272 82 . Highest-Rated Ally 65 | . . . 34 34 . . . . 65 64 . Total Orders 3 | . . . . 3 . . . . . . . DROP 1 | . . . . 1 . . . . . . . PICKUP 1 | . . . . 1 . . . . . . . COLLECT 1 | . . . . 1 . . . . . . . Ally Attacks 51 | . . . 13 1 . . . . 37 . . Total Damage 1469 | . . . 337 29 . . . . 1103 . . Kills 11 | . . . 4 . . . . . 7 . . Allies Corrupted . | . . . . . . . . . . . . Allies Melted 3 | . . . . . . . . . 3 . . Intel | -11 -10 -10 -8 -6 -5 -4 -4 -4 -4 -3 -3 ------- Run | Yrd Mat Sub Rec Fac Fac Fac Upp Upp War Pro Res Robot Analysis Total . | . . . . . . . . . . . . Derelict Logs Recovered 4 | . . . . . . . 3 1 . . . Drone Launches . | . . . . . . . . . . . . Drone Recoveries . | . . . . . . . . . . . . Exploration | -11 -10 -10 -8 -6 -5 -4 -4 -4 -4 -3 -3 ------------- Run | Yrd Mat Sub Rec Fac Fac Fac Upp Upp War Pro Res Turns Passed 9289 | 83 629 373 808 545 285 151 1151 1095 2408 864 897 Spaces Moved 5473 | 53 375 261 791 375 194 87 634 545 1178 481 499 Core 2 | 2 . . . . . . . . . . . Treads 479 | . 66 . 110 303 . . . . . . . Legs 612 | . . . . . . . . . . 384 228 Wheels 1459 | 51 309 261 681 6 . 5 90 . . 39 17 Hover 2579 | . . . . . . . 544 545 1178 58 254 Flight 342 | . . . . 66 194 82 . . . . . Fastest Speed 50 | 50 80 95 80 113 119 148 148 197 197 101 100 Average Speed 147 | 86 103 100 91 123 146 152 167 197 197 150 121 Slowest Speed 197 | 90 160 110 152 152 153 153 197 197 197 197 146 Overloaded Moves . | . . . . . . . . . . . . Propulsion Burnouts . | . . . . . . . . . . . . Robots Hopped 4 | . . . . . 4 . . . . . . Cave-ins Triggered . | . . . . . . . . . . . . Exploration Rate (%) 44 | 3 64 23 99 8 4 2 73 77 95 65 19 Regions Visited 11 Branch Regions 6 Pre-discovered Areas 2 | . . . . . . . 1 . 1 . . Known Exits Taken . | . . . . . . . . . . . . Unknown Exits Taken 11 | 1 1 1 1 1 1 1 1 1 1 1 . Scrap Searched 4 | . . . . . . . 3 1 . . . Spaces Dug 6 | . 5 . . . . . 1 . . . . Terrain Destroyed 181 | . 5 94 . 13 . . 4 . . 41 24 Melee 1 | . . . . . . . 1 . . . . Projectile 27 | . . . . . . . 3 . . 19 5 AOE 153 | . 5 94 . 13 . . . . . 22 19 Terrain Rammed . | . . . . . . . . . . . . Walls Destroyed . | . . . . . . . . . . . . Machines Disabled . | . . . . . . . . . . . . Actions | -11 -10 -10 -8 -6 -5 -4 -4 -4 -4 -3 -3 --------- Run | Yrd Mat Sub Rec Fac Fac Fac Upp Upp War Pro Res Total 6241 | 77 536 324 877 415 191 100 668 554 1243 577 679 Wait 302 | 7 61 16 10 9 . 1 5 . 1 75 117 Move 5456 | 52 375 260 790 374 186 86 633 544 1177 480 499 Hop 3 | . . . . . 3 . . . . . . Pick Up 38 | 4 18 4 . 3 1 4 . . 2 . 2 Fast Attach 33 | 8 4 2 1 3 1 1 3 2 4 1 3 Attach 19 | . 5 3 . 4 . 1 . . . . 6 Detach 8 | . 2 1 . . . . . . 3 . 2 Swap 21 | . 9 5 . 1 . 1 . 1 . 3 1 Drop 47 | 1 16 4 17 1 . 4 . 2 . . 2 Fire 156 | 5 46 29 2 20 . . 6 . 11 18 19 Melee 54 | . . . . . . 2 21 5 . . 26 Ram 2 | . . . . . . . . . . . 2 Kick . | . . . . . . . . . . . . Crush . | . . . . . . . . . . . . Escape Stasis . | . . . . . . . . . . . . Rewire 102 | . . . 57 . . . . . 45 . . Trap . | . . . . . . . . . . . . Miscellaneous . | . . . . . . . . . . . . Route ------- -11/Scrapyard -10/Materials (discovered 3 exits: [*Mat] / Min / [*Sub]) -10/Subcaves -8/Recycling -6/Factory -5/Factory -4/Factory -4/Upper Caves -4/Upper Caves -4/Warlord -3/Proximity Caves -3/Research (discovered 1 exit: Qua) History --------- Turn | Location | Event 12 | -11/Scrapyard | Discovered new exit (range 16) 84 | -11/Scrapyard | Entered Materials 259 | -10/Materials | Discovered new exit (range 16) 300 | -10/Materials | Identified exit to Mines 301 | -10/Materials | Build established: Mutant 637 | -10/Materials | Discovered new exit (range 11) 713 | -10/Materials | Entered Subcaves 720 | -10/Subcaves | A swath of the cavern ceiling suddenly collapsed 888 | -10/Subcaves | Core integrity fell below 50% 908 | -10/Subcaves | Shifting Twisted Machinery released Sub. Monowheel 930 | -10/Subcaves | Shifting Twisted Machinery released Sub. Machine Gun 1028 | -10/Subcaves | Discovered new exit (range 13) 1071 | -10/Subcaves | Core integrity fell below 20% 1074 | -10/Subcaves | Lost 3 parts (2p1n) 1086 | -10/Subcaves | Entered Recycling 1093 | -8/Recycling | Found Scrap Engine 1274 | -8/Recycling | Discovered new exit (range 15) 1452 | -8/Recycling | Build established: Construct 1832 | -8/Recycling | Build established: Commander-Construct 1894 | -8/Recycling | Entered Factory 1894 | -6/Factory | Accompanied by 5 allies 1894 | -6/Factory | Evolved 8 slots: Power x1, Propulsion x2, Utility x4, Weapon x1 2306 | -6/Factory | Discovered new exit (range 8) 2393 | -6/Factory | Build established: Construct 2439 | -6/Factory | Entered another Factory area 2439 | -5/Factory | Evolved 2 slots: Utility x1, Weapon x1 2513 | -5/Factory | Discovered new exit (range 10) 2724 | -5/Factory | Entered another Factory area 2724 | -4/Factory | Evolved 2 slots: Utility x2 2831 | -4/Factory | Discovered new exit (range 12) 2875 | -4/Factory | Entered Upper Caves 2877 | -4/Upper Caves | Spotted B-86 Titan 2929 | -4/Upper Caves | Lost 3 parts (2u1w) 3017 | -4/Upper Caves | Learned location of Armory (-4) 3425 | -4/Upper Caves | Learned Research stockpile data 3480 | -4/Upper Caves | Discovered new exit (range 7) 3598 | -4/Upper Caves | Learned Research terminal intel 4026 | -4/Upper Caves | Entered another Upper Caves area 4352 | -4/Upper Caves | Learned location of 1 exit from Research 4694 | -4/Upper Caves | Attracted the attention of an 0b10 checkpoint 5030 | -4/Upper Caves | Discovered new exit (range 13) 5121 | -4/Upper Caves | Entered Warlord 5226 | -4/Warlord | System corruption cleaned by Quarantine Array 5636 | -4/Warlord | Build established: Commander-Construct 6168 | -4/Warlord | Opened side exit 6208 | -4/Warlord | Discovered new exit (range 10) 6411 | -4/Warlord | Learned location of Command (-1) 6413 | -4/Warlord | Learned 4 Armory zone layouts 6413 | -4/Warlord | Learned 4 Armory zone layouts 6413 | -4/Warlord | Learned 4 Testing zone layouts 6415 | -4/Warlord | Learned Factory terminal intel 6415 | -4/Warlord | Learned Armory fabricator intel 6421 | -4/Warlord | Warlord's base attacked by MAIN.C 6547 | -4/Warlord | Met Warlord 6771 | -4/Warlord | Warlord forces counterattacked 7026 | -4/Warlord | Found Prototype Energy Gun 7026 | -4/Warlord | Identified Vortex Rail 7029 | -4/Warlord | Found Vortex Rail 7036 | -4/Warlord | Found Prototype Energy Gun 7040 | -4/Warlord | Found Prototype Energy Gun 7040 | -4/Warlord | Identified Vortex Shotgun (x2) 7096 | -4/Warlord | Warlord base infiltrated, sounded retreat 7521 | -4/Warlord | Spotted Executioner 7529 | -4/Warlord | Entered Proximity Caves 7529 | -3/Proximity Caves | Accompanied by 2 allies 7629 | -3/Proximity Caves | Spotter reported a threat 7725 | -3/Proximity Caves | Build established: Construct 7845 | -3/Proximity Caves | Spotter reported a threat 7866 | -3/Proximity Caves | Spotter reported a threat 8095 | -3/Proximity Caves | Attracted the attention of an 0b10 checkpoint 8319 | -3/Proximity Caves | Discovered new exit (range 10) 8393 | -3/Proximity Caves | Entered Research 8393 | -3/Research | Evolved 2 slots: Propulsion x2 8394 | -3/Research | Identified exit to Quarantine 8396 | -3/Research | Loaded intel: 21 terminal locations 8643 | -3/Research | Search patrols dispatched 8894 | -3/Research | Repaired Imp. Force Field 9208 | -3/Research | System corruption reached 10% 9216 | -3/Research | Core integrity fell below 50% 9265 | -3/Research | Core integrity fell below 20% 9282 | -3/Research | Lost 19 parts (2p5n7u5w) 9290 | -3/Research | Destroyed by P-80 Master with Gamma Rifle Last Messages --------------- 09244_ Mak. Trap Scanner destroyed. 09246_ Slug penetrates Wall. 09249_ P-80 Master suffers critical hit (Impale). 09249_ Destroyed Imp. Antigrav System. 09249_ Slug penetrates Wall. 09251_ Force Lance destroyed. 09253_ System corrupted: Force Lance fused. 09262_ P-80 Master suffers critical hit (Impale). 09269_ Destroyed Imp. Antigrav System. 09269_ Destroyed Adv. Heat Sink. 09269_ Destroyed Sml. Battery. 09276_ P-80 Master suffers critical hit (Impale). 09276_ Destroyed Mic. Antimatter Reactor. 09277_ System corrupted: Component data lost. 09283_ P-80 Master destroyed. 09284_ Terrain Scan Processor destroyed. 09289_ G-67 Veteran destroyed. Map ----- +----------------------------------------------------+ | #??????# ! [ #? | | ################/####? | | #^ ] #?#!#???? | | ####+########+######+### # ^ ### #???? | | #?? ??????????? =# # """ """ / #???? | | ###? ? ???????? # # """ """ #####???? | | ###??? ????????# # #] """ ^""" #???????? | | #?# ??? ???????# # # #???????? | | ### ???????# # / ^ #???????? | | ###???##???????# """ # # """ """ #???????? | | ####??????? ???# """ # # """ """^ #???????? | | ##???#?? ??????# """ # # """ ^""" #???????? | | ###??# ????????# # # #???????? | | #?#?##? ???? ??# ??? # # #???????? | | #?##?? ?? ???# ???? # ##############???????? | | #???##???????????????### #????????????????????? | | #??#?# ? ? ??????????#^^^ #????????????????????? | | ##??#??? ??????????????# #????????????????????? | | #?????????????#????????# #????????????????????? | | ##########+############# #????????????????????? | | #????????????????????? | | ### #????????????????????? | | #?# #????????????????????? | | #?# [=Y #????????????????????? | | ### #################p#########???????????????? | | # ###?#????##?#?#=*[@! #??????????????? | | # ############### == #??????????????? | | # # #??????????????? | | # # #??????????????? | | # # ###############? | | # ############### #? | | #########+##### # #????# #? | | #??## # # #????# #? | | #???# # # ! "" ###### #? | | #???# # %#! "" # + """ """ #? | | #???# # ! # F" + # """ """ #? | | ############### %# "" # + """ """ #? | | #### # " # # """ """ #? | | ?#?# # # # # """ """ #? | | #### """ """ # # # # """ """ #? | | #??# """ """ # ########## # #? | | ???# """ """ # # #? | | ???# + ##############? | | ???# # #?????????????? | | ???# """ """ # #?????????????? | | ???# """ """ # #### #####+#####????????????? | | ???# """ """ # #??# # #????????????? | | ???# # #??# # #????????????? | | ???# ######??# # """" #????????????? | | ???###################### # ""R"" #????????????? | +----------------------------------------------------+ Best States ------------- Heat Dissipation 71 Energy Generation 47 Energy Capacity 712 Matter Stores 300 Matter Capacity 300 Sight Range 16 Terrain Scan Range 16 Terrain Scan Density 85 Armor Coverage 150 Evasion (%) 55 Armor Integrity Analysis 30 Recoil Reduction 3 Defensive Hacking 10 Item Schematics ----------------- Adv. Signal Interpreter | -8/Recycling | Hacked Robot Schematics ------------------ None Fabricated ------------ Nothing Alien Tech Used ----------------- None Achievements -------------- A Powerful Ally? Can't Touch This Charge!!! Challenges ------------ None Game ------ Seed NuclearDeuteriumInsulator Manual? 0 Play Time 01:14:45 Cumulative 66.9 hours Start 2024.04.13 @ 14:29:03 End 2024.04.13 @ 15:44:02 Sessions 1 Manual Loads 0 Difficulty Rogue Special Mode None Game No. 78 Rogue 73 Adventurer 5 Explorer 0 Win Type - Total 2 Types 1/0/0/1/0/0/0/0/0 Lore% 32 Gallery% 53 Achievement% 43 Wizard Run 0 Options --------- Layout 1 ASCII 0 Keyboard 0 Movement Mouse Keybinds 0 Fullscreen 1 Font 24/Terminus Map View 50x35 Zoom Use 0% Tactical HUD 1 Map Filters NONE Filters NONE Steam 1 RUN: debf7237-e430-4053-82f1-0806cb87a016